cohdb
Replays
Latest Replays
All Replays
Popular Replays
Top Player Replays
Match Explorer
How It Works
Community
CoH3 Stats
Reddit
Sign in to upload your games and track your stats! →
Sign in with Steam
Match 41263094
Unlisted
Match 41263094
Overview
Messages
Build Orders
End
Panzergrenadier Squad
Selects Panzerjäger Kommand Battlegroup
Selects Mine Fields
250 Light Carrier
Panzergrenadier Squad
Construct Light Support Kompanie
2.5-tonne Medical Truck
MG34 Team
Panzerjäger Squad
Selects Tank Busters
Panzerjäger Squad
Fire Support Elements
Construct Panzerarmee Kommand
Pak 38 Mechanized Group
Combat Half-tracks
Selects Defensive Positions
Selects Crew Shock Tactics
Forward Retreat Point
Panzer III L Medium Tank
Vehicle Survival Package
Tungsten Core Ammunition
Panzer III L Medium Tank
Emergency Repair Kits
Husar
iibet96
Demo
El Che
Akeron the Dark Adonis
hononi
0
0
Comments
sign in to comment!
No comments posted yet!